 Dungeon Crawl Stone Soup version 0.21.1-1-g345015f (webtiles) character file.

84 pope512n12 the Shield-Bearer (level 4, -1/35 HPs)
             Began as a Human Fighter on Mar 5, 2018.
             Succumbed to Demiham's ghost's poison
             ... on level 4 of the Dungeon.
             The game lasted 00:07:11 (1303 turns).

pope512n12 the Shield-Bearer (Human Fighter)        Turns: 1303, Time: 00:07:11

Health: -1/35      AC: 17    Str: 17    XL:     4   Next: 72%
Magic:  4/4        EV:  3    Int:  8    God:
Gold:   56         SH:  9    Dex: 13    Spells: 3/3 levels left

rFire    . . .     SeeInvis .   a - +0 long sword
rCold    . . .     Gourm    .   c - +0 shield
rNeg     . . .     Faith    .   p - +0 plate armour
rPois    .         Spirit   .   o - +0 helmet
rElec    .         Reflect  .   e - +0 cloak
rCorr    .         Harm     .   j - +2 pair of gloves
MR       .....                  (no boots)
Stlth    ..........             (no amulet)
HPRegen  0.11/turn              (no ring)
MPRegen  0.09/turn              (no ring)

@: lethally poisoned (-1 -> -54)
A: no striking features
a: no special abilities


You were on level 4 of the Dungeon.
You were not hungry.

You visited 1 branch of the dungeon, and saw 4 of its levels.

You collected 56 gold pieces.

Inventory:

Hand Weapons
 a - a +0 long sword (weapon)
Missiles
 i - 74 stones (quivered)
Armour
 b - a +0 scale mail
 c - a +0 shield (worn)
 e - a +0 cloak (worn)
 j - a +2 pair of gloves (worn)
 o - a +0 helmet (worn)
 p - a +0 plate armour (worn)
Jewellery
 h - an uncursed ring of ice {unknown}
 r - an uncursed ring of wizardry {unknown}
Scrolls
 f - a scroll of blinking {unknown}
 l - a scroll of identify
 s - a scroll of fear {unknown}
Potions
 d - a potion of might
 g - 2 potions of lignification {unknown}
 k - 3 potions of curing {unknown}
 n - a potion of heal wounds {unknown}
Comestibles
 m - a chunk of flesh
 q - a ration


   Skills:
 + Level 3.3 Fighting
 + Level 3.0 Long Blades
 + Level 0.6 Throwing
 + Level 3.4 Armour
 + Level 0.6 Dodging
 + Level 3.5 Shields


You had 3 spell levels left.
You didn't know any spells.

Dungeon Overview and Level Annotations

Branches:
Dungeon (4/15)
 Temple: D:4-7

Altars:

Annotations:
D:4 Demiham's ghost, novice MfSk


Message History

q - a ration
Found a scroll labeled UJAMOLENNY.
r - a gilded ring
Found 17 stones.
s - a scroll labeled UJAMOLENNY Demiham's ghost (novice Merfolk Skald) comes into view.
It is wielding a weapon of venom.
Demiham's ghost turns its malevolent gaze towards you.
Demiham's ghost hits you.
You are poisoned.
Found a short sword.
You feel sick. Demiham's ghost hits you!
You are lethally poisoned!
You feel sick. Demiham's ghost hits you.
You are more poisoned.
You feel very sick. Demiham's ghost hits you!
* * * LOW HITPOINT WARNING * * *
You are more poisoned.
Your shield and plate armour prevent you from hitting Demiham's ghost.
You die...

#).# ###.....### #.#
#.#.# #.......# #.#
#.#.######.....#.###.#
#.#......#.....#.....#
#.#..###########.......#
#.#..# #.# #####.#.#
..#..# #.# #.#.# .##.>#
#.#####.. ..# # #.##
#..# #@W(.)... $.#
#....##..#####.#####..
..# #...........####
#### #....##...........#
#.## #..####..##.# #.##
#..# .# #.# #...... #.#
#.###.## #.# #.. ..


You could see Demiham's ghost.

Vanquished Creatures
  A hound (D:4)
  2 adders (D:3)
  3 leopard geckos
  An orc (D:4)
  2 bats
  A giant cockroach (D:2)
  5 goblins
  3 hobgoblins
  2 jackals (D:3)
  A quokka (D:2)
  2 frilled lizards
  6 kobolds
  4 rats
33 creatures vanquished.

Notes
Turn   | Place    | Note
-------+----------+-------------------------------------------
     0 | D:1      | pope512n12 the Human Fighter began the quest for the Orb.
     0 | D:1      | Reached XP level 1. HP: 18/18 MP: 1/1
   261 | D:1      | Reached XP level 2. HP: 21/24 MP: 2/2
   760 | D:2      | Reached XP level 3. HP: 29/29 MP: 3/3
  1085 | D:4      | Reached XP level 4. HP: 28/35 MP: 4/4
  1299 | D:4      | Noticed Demiham's ghost (novice MfSk)
  1303 | D:4      | Succumbed to Demiham's ghost's poison

Skill      XL: |  1  2  3  4 |
---------------+-------------+-----
Long Blades    | 3 |  3.0
Fighting       | |  3.3
Throwing       | |  0.6
Armour         | |  3.4
Dodging        | |  0.6
Shields        | |  3.5

Action                   |  1- 3 |  4- 6 || total
-------------------------+-------+-------++-------
Melee: Long sword        |   100 |    15 ||   115
Throw: Stone             |    22 |     2 ||    24
  Use: Scroll            |     2 |       ||     2
  Eat: Ration            |     1 |       ||     1
Armor: Scale mail        |    52 |     7 ||    59
       Plate armour      |       |     2 ||     2
Dodge: Dodged            |    44 |     3 ||    47
Block: Shield            |    54 |     7 ||    61
       Rpst.: Long sword |    11 |       ||    11
